 Dungeon Crawl Stone Soup version 0.19-a0-1442-g3b32ff5 (webtiles) character file.

5475 inmateoo the Cleaver (level 10, -6/63 HPs)
             Began as a Tengu Wanderer on Sept 5, 2016.
             Was an Elder of Okawaru.
             Mangled by an orc warrior
             ... wielding a +0 halberd
              (11 damage)
             ... on level 9 of the Dungeon.
             The game lasted 00:15:32 (11593 turns).

inmateoo the Cleaver (Tengu Wanderer)              Turns: 11593, Time: 00:15:33

Health: -6/63      AC: 10    Str: 16    XL:     10   Next: 69%
Magic:  11/11      EV: 11    Int: 10    God:    Okawaru [****..]
Gold:   518        SH:  0    Dex: 16    Spells: 0 memorised, 9 levels left

rFire  . . .     SeeInvis .     E - +2 war axe (drain)
rCold  . . .     Gourm    .     i - +0 chain mail
rNeg   . . .     Faith    .     (no shield)
rPois  .         Spirit   .     (helmet restricted)
rElec  .         Dismiss  .     (no cloak)
rCorr  .         Reflect  .     (no gloves)
MR     .....     Harm     .     (boots unavailable)
Stlth  ..........               (no amulet)
                                (no ring)
                                (no ring)

@: no status effects
A: beak, talons 3, able to fly 1
a: Fly, Heroism, Renounce Religion


You were on level 9 of the Dungeon.
You worshipped Okawaru.
Okawaru was greatly pleased with you.
You were near starving.

You visited 2 branches of the dungeon, and saw 10 of its levels.
You also visited: Ossuary.

You collected 590 gold pieces.
You spent 72 gold pieces at shops.

Inventory:

Hand Weapons
 a - a +3 hand axe
 y - a +2 halberd of protection
 E - a +2 war axe of draining (weapon)
Armour
 i - a +0 chain mail (worn)
 w - a +0 large shield
 L - a +0 plate armour
Wands
 B - a wand of random effects (20/48)
 C - a wand of lightning (11/15)
 F - a wand of flame (35/48)
Scrolls
 b - 4 scrolls of identify
 e - a scroll of recharging
 h - 5 scrolls of remove curse
 n - 2 scrolls of teleportation
 q - 2 scrolls of enchant armour
 t - 4 scrolls of amnesia
 u - a scroll of fog
 z - 2 scrolls of enchant weapon
 J - a scroll of blinking
Potions
 c - a potion of agility
 d - 2 potions of cancellation
 k - a potion of lignification
 p - a potion of magic
 r - a potion of berserk rage
 s - 3 potions of brilliance
 v - a potion of beneficial mutation
 x - 2 potions of flight
 A - a potion of ambrosia
 D - 5 potions of curing
 G - 2 potions of resistance {unknown}
Books
 H - a book of Fire

   Spells                             Type                      Level
   a - Ignite Poison                  Fire/Transmutation/Poison    3
   b - Fireball                       Conjuration/Fire             5
   c - Bolt of Fire                   Conjuration/Fire             6
   d - Delayed Fireball               Conjuration/Fire             7
   e - Ring of Flames                 Charms/Fire                  7
 I - a book of Burglary

   Spells                             Type                      Level
   a - Swiftness                      Charms/Air                   2
   b - Passwall                       Transmutation/Earth          2
   c - Passage of Golubria            Translocation                4
   d - Lee's Rapid Deconstruction     Earth                        5
   e - Darkness                       Hexes                        6
   f - Invisibility                   Hexes                        6
Comestibles
 f - 6 bread rations
 g - 3 slices of pizza
 j - 3 meat rations
 l - a royal jelly
 m - 3 fruits
 o - a beef jerky


   Skills:
 + Level 7.1 Fighting
   Level 1.1 Short Blades
 * Level 11.2 Axes
 - Level 2.0 Throwing
 + Level 7.7 Armour
 + Level 8.2 Dodging
 + Level 1.9 Shields


You had 9 spell levels left.
You didn't know any spells.

Dungeon Overview and Level Annotations

Branches:
Dungeon (9/15)             Temple (1/1) D:6
   Lair: D:8-11         Orc: D:9-12

Altars:
Ashenzari
Cheibriados
Elyvilon
Kikubaaqudgha
Makhleb
Okawaru
Qazlal
Ru
Trog
Yredelemnul
The Shining One

Shops:
D:4 =   D:6 *


Innate Abilities, Weirdness & Mutations

You have a beak for a mouth.
You have claws for feet.
You can fly.


Message History

The orc priest hits you.
The orc warrior hits you from afar with a halberd.
You completely miss the orc priest. Your kick misses the orc priest.
You peck the orc priest, but do no damage.
The orc priest is heavily wounded.
The orc priest calls down the wrath of Beogh upon you.
Beogh smites you! The orc warrior closely misses you.
You hit the orc priest. Your kick misses the orc priest.
The orc priest is severely wounded.
The orc priest calls down the wrath of Beogh upon you.
Beogh smites you!
* * * LOW HITPOINT WARNING * * *
Unknown command.
Unknown command.
Okay, then.
You hit the orc priest. You peck the orc priest.
You kill the orc priest!
Okawaru accepts your kill.
The orc warrior hits you from afar with a halberd!
You die...

########################
.........................
.................................
.................................
................................$
...).............................
.................................
#..(............@#.....o.........
.##...........o##................
.#.#..(.......#.#................
..#.##......##.#...###########...
...##.#....#.##.........#
...#.#.#..#.#.#.........#
....#.##..##.#..........#
.....##....##...........#
.....#......#...........#


You could see an orc warrior.

Vanquished Creatures
  The ghost of asdguy00 the Firebug, a novice DrFE of Vehumet (D:6)
  Joseph (D:7)
  A troll (D:9)
  3 wraiths
  A hungry ghost (D:9)
  A hippogriff (D:8)
  A steam dragon (D:6)
  A water moccasin (D:5)
  An orc warrior (D:8)
  A phantom (D:8)
  4 ogres
  A sky beast (D:6)
  2 ice beasts
  2 necrophages (D:8)
  A black bear (D:6)
  2 big kobolds (D:4)
  A giant frog (D:9)
  A gnoll sergeant (D:7)
  A wyvern skeleton (D:8)
  A scorpion (D:8)
  A troll zombie (D:8)
  9 wights
  2 howler monkeys (D:7)
  An electric eel (D:8)
  5 crimson imps
  5 hounds
  4 jellies
  3 orc wizards
  A giant frog zombie (D:7)
  3 orc priests
  2 giant frog skeletons
  3 human zombies (D:8)
  A human skeleton (D:8)
  An iguana (D:7)
  4 worker ants
  3 hound skeletons
  2 mummies (D:8)
  30 gnolls
  A worker ant zombie (D:8)
  14 adders
  2 shadow imps
  A white imp (D:7)
  An ooze (D:2)
  4 adder skeletons
  An adder zombie (Ossuary)
  4 worms
  3 dart slugs
  3 giant geckos
  34 orcs
  5 giant cockroaches
  34 goblins
  30 hobgoblins
  4 jackals (D:5)
  2 quokkas
  4 ball pythons
  2 ball python skeletons (Ossuary)
  4 bats
  3 giant newts
  2 goblin zombies (D:7)
  4 hobgoblin skeletons (Ossuary)
  A hobgoblin zombie (D:7)
  A jackal skeleton (D:4)
  17 kobolds
  A kobold skeleton (D:7)
  A kobold zombie (Ossuary)
  3 orc skeletons
  A quokka zombie (D:7)
  8 rats
303 creatures vanquished.

Notes
Turn   | Place    | Note
-------+----------+-------------------------------------------
     0 | D:1      | inmateoo the Tengu Wanderer began the quest for the Orb.
     0 | D:1      | inmateoo set off with: a +2 hand axe, a potion of lignification, 7 poisoned needles, a +0 blowgun, a +0 robe, a bread ration
     0 | D:1      | Reached XP level 1. HP: 16/16 MP: 2/2
   418 | D:2      | Reached skill level 1 in Dodging
   418 | D:2      | Reached XP level 2. HP: 14/21 MP: 3/3
   452 | D:2      | Reached skill level 2 in Axes
   789 | D:2      | Reached XP level 3. HP: 22/26 MP: 4/4
  1031 | D:2      | Reached XP level 4. HP: 28/31 MP: 5/5
  1223 | D:2      | Reached skill level 3 in Axes
  1615 | D:3      | Found a sacrificial altar of Ru.
  1617 | D:3      | Found a basalt altar of Yredelemnul.
  1656 | D:3      | HP: 1/31 [gnoll/spear (4)]
  2032 | D:3      | Found a snail-covered altar of Cheibriados.
  2092 | D:3      | Gained mutation: You can fly. [Tengu growth]
  2092 | D:3      | Reached XP level 5. HP: 15/35 MP: 6/6
  2593 | D:3      | Reached skill level 4 in Axes
  2820 | D:3      | Found a basalt altar of Yredelemnul.
  2876 | D:3      | Found a bloodstained altar of Trog.
  2928 | D:3      | Reached XP level 6. HP: 25/40 MP: 7/7
  3540 | D:4      | Reached skill level 5 in Axes
  4081 | D:4      | Found Axuplime's Jewellery Shoppe.
  4226 | D:4      | Reached XP level 7. HP: 44/44 MP: 8/8
  4688 | D:4      | Found a white marble altar of Elyvilon.
  4802 | D:5      | Entered Level 5 of the Dungeon
  4861 | D:5      | Reached skill level 6 in Axes
  4878 | D:5      | Found an iron altar of Okawaru.
  4893 | D:5      | Became a worshipper of Warmaster Okawaru
  4946 | D:5      | Found a sand-covered staircase.
  5100 | Ossuary  | Entered an ossuary
  5335 | Ossuary  | Noticed a flying skull
  5335 | Ossuary  | Noticed a wraith
  5348 | Ossuary  | Noticed a wraith
  5373 | Ossuary  | Killed a wraith
  5373 | Ossuary  | Reached * piety under Okawaru
  5373 | Ossuary  | Reached skill level 7 in Axes
  5373 | Ossuary  | Reached XP level 8. HP: 28/49 MP: 9/9
  5561 | Ossuary  | Noticed a flying skull
  5753 | Ossuary  | Noticed a flying skull
  5756 | Ossuary  | Noticed a flying skull
  5762 | Ossuary  | Reached skill level 5 in Armour
  5762 | Ossuary  | Reached skill level 5 in Dodging
  5871 | Ossuary  | Noticed a wraith
  5883 | Ossuary  | Killed a wraith
  6406 | D:5      | Reached skill level 8 in Axes
  6630 | D:4      | Reached ** piety under Okawaru
  7148 | D:5      | Reached XP level 9. HP: 54/54 MP: 6/10
  7516 | D:6      | Found Oxuapn's General Store.
  7520 | D:6      | Bought a scroll of identify for 24 gold pieces
  7520 | D:6      | Bought a scroll of identify for 24 gold pieces
  7520 | D:6      | Bought a scroll of identify for 24 gold pieces
  7943 | D:6      | Noticed asdguy00's ghost (novice DrFE)
  7958 | D:7      | Reached skill level 9 in Axes
  8035 | D:7      | Found a stormy altar of Qazlal.
  8086 | D:7      | Noticed Joseph
  8102 | D:7      | Killed Joseph
  8102 | D:7      | Reached *** piety under Okawaru
  8151 | D:7      | Found a glowing golden altar of the Shining One.
  8492 | D:6      | Found a staircase to the Ecumenical Temple.
  8519 | D:6      | Killed asdguy00's ghost
  8524 | Temple   | Entered the Ecumenical Temple
  8575 | D:6      | Reached skill level 10 in Axes
  8869 | D:6      | Found a burning altar of Makhleb.
  9145 | D:7      | Found a shattered altar of Ashenzari.
  9305 | D:7      | Reached XP level 10. HP: 56/61 MP: 11/11
  9742 | D:8      | Found a white marble altar of Elyvilon.
  9784 | D:8      | Reached **** piety under Okawaru
 10270 | D:8      | Found an ancient bone altar of Kikubaaqudgha.
 10369 | D:8      | Reached skill level 1 in Shields
 10702 | D:8      | Reached skill level 11 in Axes
 11519 | D:9      | Received a gift from Okawaru
 11593 | D:9      | Mangled by an orc warrior

Vault maps used:
D:1:      evilmike_arrival_hilbert_curve
D:2:      st_stairs_11, minmay_tall_x
D:3:      lemuel_round_altar, grunt_temple_overflow_open, marbit_many_paths,
          yredelemnul_altar_generic
D:4:      corexii_shack_village, serial_shops, shop, first_bread,
          elyvilon_altar_3
D:5:      minmay_goblin_kobold_castle, old_standard_altar, enter_ossuary_5
D:6:      lightli_temple_of_fire, serial_shops, shop
D:7:      old_standard_altar, nicolae_overflow_crystal_walls,
          nicolae_tso_besieged_by_evil, uniq_joseph
D:8:      lemuel_mausoleum_altar_kikubaaqudgha, nicolae_overflow_hidden_temple,
          water_maze_lemuel
D:9:      grunt_dithmenos_smoke_and_mirrors, serial_shops, kennysheep_mini,
          minmay_misc_feat_secret_circle
Temple:   corrupted_temple
Ossuary:  ossuary_due_cavern

Skill      XL: |  1  2  3  4  5  6  7  8  9 10 |
---------------+-------------------------------+-----
Dodging        | 1 2 3 4 5 7 8 |  8.2
Axes           | 2 3 4 5 7 8 10 11 | 11.2
Armour         | 2 3 4 5 6 7 |  7.7
Fighting       | 6 7 |  7.1
Shields        | 1 |  1.9
Short Blades   | |  1.1
Throwing       | |  2.0

Action                   |  1- 3 |  4- 6 |  7- 9 | 10-12 || total
-------------------------+-------+-------+-------+-------++-------
Melee: Hand axe          |    63 |   176 |    25 |       ||   264
       Kick              |    10 |    48 |    96 |    71 ||   225
       Peck              |     8 |    33 |    69 |    54 ||   164
       War axe           |       |       |   375 |   244 ||   619
Invok: Heroism           |       |       |     2 |     1 ||     3
 Abil: Fly               |       |       |     4 |     1 ||     5
Evoke: Wand              |       |       |       |     2 ||     2
  Use: Scroll            |     7 |       |    15 |       ||    22
       Potion            |     4 |       |     3 |       ||     7
  Eat: Chunk             |     1 |    13 |    12 |     7 ||    33
       Royal jelly       |       |       |     1 |       ||     1
       Beef jerky        |       |       |     1 |       ||     1
       Fruit             |       |       |       |     1 ||     1
Armor: Chain mail        |    20 |    92 |   195 |    79 ||   386
       Robe              |     1 |       |       |       ||     1
       Skin              |       |       |    36 |       ||    36
Dodge: Dodged            |    19 |    71 |   194 |   118 ||   402
